 Dungeon Crawl Stone Soup version 0.17-a0-1829-g68572c6 (webtiles) character file.

37 DecibelRebel the Vexing (level 3, 0/30 HPs)
             Began as a Centaur Arcane Marksman on Sept 13, 2015.
             Slain by an adder (2 damage)
             ... on level 2 of the Dungeon.
             The game lasted 00:22:03 (991 turns).

DecibelRebel the Vexing (Centaur Arcane Marksman)    Turns: 991, Time: 00:22:03

Health: 0/30       AC:  4    Str: 13    XL:     3   Next: 21%
Magic:  13/13      EV:  9    Int: 12    God:
Gold:   90         SH:  0    Dex:  9    Spells: 2 memorised, 1 level left

rFire  . . .     SeeInvis .     l - +0 mace
rCold  . . .     Clarity  .     c - +0 robe
rNeg   . . .     SustAt   .     (no shield)
rPois  .         Gourm    .     (no helmet)
rElec  .         Spirit   .     (no cloak)
rCorr  .         Warding  .     (no gloves)
rMut   .         Stasis   .     (no barding)
MR     .....                    (no amulet)
Stlth  +.........               m - ring of magical power
                                (no ring)

@: very quick, not resistant to hostile enchantments, very unstealthy
A: hooves 3, deformed body, speed 2, tough skin 3
a: no special abilities


You were on level 2 of the Dungeon.
You were not hungry.

You visited 1 branch of the dungeon, and saw 2 of its levels.

You collected 90 gold pieces.

Inventory:

Hand weapons
 a - a +0 shortbow
 g - a +0 club
 l - a +0 mace (weapon)
Missiles
 b - 36 arrows
Armour
 c - a +0 robe (worn)
Jewellery
 i - an uncursed ring of ice
 m - a ring of magical power (right hand)
Scrolls
 f - a scroll of teleportation {unknown}
 j - a scroll of recharging {unknown}
 k - a scroll of noise {unknown}
 o - a scroll of identify {unknown}
Potions
 p - 2 potions of haste {unknown}
Books
 d - a book of Debilitation

   Spells                             Type                      Level
   a - Corona                         Hexes                        1
   b - Slow                           Hexes                        2
   c - Gell's Gravitas                Hexes/Translocation          3
   d - Inner Flame                    Hexes/Fire                   3
   e - Cause Fear                     Hexes                        4
   f - Leda's Liquefaction            Hexes/Earth                  4
Comestibles
 e - 2 bread rations
 h - a meat ration
 n - a chunk of flesh


   Skills:
 * Level 2.7 Fighting
 + Level 2.9 Bows
 - Level 1.3 Dodging
 - Level 1.0 Spellcasting
 * Level 3.0 Hexes


You had one spell level left.
You knew the following spells:

 Your Spells              Type           Power        Failure   Level  Hunger
a - Corona                Hex            #......      12%         1    ##.....
b - Slow                  Hex            #.......     14%         2    ###....


Dungeon Overview and Level Annotations

Branches:
Dungeon (2/15)

Altars:


Innate Abilities, Weirdness & Mutations

You have hooves in place of feet.
Armour fits poorly on your strangely shaped body.
You cover ground very quickly.
You have extremely tough skin (AC +3).


Message History

The adder is no longer moving slowly.
The goblin hits you but does no damage. The adder bites you but does no damage.
The goblin misses you.
You hit the adder. Your kick misses the adder.
The adder is moderately wounded.
The adder barely misses you. The goblin hits you with a dagger.
* * * LOW HITPOINT WARNING * * *
The adder bites you but does no damage.
You hit the adder but do no damage. Your kick misses the adder.
The adder is moderately wounded.
The adder misses you. The goblin hits you with a dagger.
* * * LOW HITPOINT WARNING * * *
You hit the adder. Your kick misses the adder.
The adder is heavily wounded.
The adder closely misses you. The goblin hits you with a dagger.
* * * LOW HITPOINT WARNING * * *
The adder bites you but does no damage. The goblin hits you but does no damage.
You miss the adder.
The adder is heavily wounded.
The adder bites you.
You die...

.....# #....# .. .....
#.# ... ...# #.# ...
..#####.#.### #.#
#.#...)..##♣. ##...
#.#.###.##..< ....
....# ###...#####....
.... #.###.g###.(....#
#...## ..).
.......@S(.####.##♣†♣##
.... ..####...###
#..##.# .... ###.#
#.....# .... #.#
#.....## .!.. #..
#......# .... ....
#....... ....
.............# ....
###..........# ####
####.....##


You could see an adder and a goblin.

Vanquished Creatures
  An adder (D:1)
  3 hobgoblins
  2 kobolds (D:1)
  A ball python (D:1)
  6 bats
  A giant cockroach (D:1)
  A giant newt (D:1)
  5 goblins (D:1)
  8 rats
28 creatures vanquished.

Notes
Turn   | Place    | Note
--------------------------------------------------------------
     0 | D:1      | DecibelRebel the Centaur Arcane Marksman began the quest for the Orb.
     0 | D:1      | Reached XP level 1. HP: 16/16 MP: 2/2
   183 | D:1      | Reached XP level 2. HP: 11/24 MP: 3/3
   337 | D:1      | Learned a level 2 spell: Slow
   898 | D:1      | Reached XP level 3. HP: 13/30 MP: 4/4
   949 | D:2      | Reached skill level 3 in Hexes
   990 | D:2      | HP: 1/30 [goblin/dagger (2)]
   991 | D:2      | Slain by an adder

Vault maps used:
D:1:      sevenhm_arrival_forest_fort_large_2
D:2:      nicolae_dithmenos_through_a_glass_darkly, grunt_ministairs_8

Action                   || total
-------------------------++-------
Melee: Club              ||    21
       Mace              ||    73
       Shortbow          ||     1
 Fire: Shortbow          ||    10
 Cast: Corona            ||     6
       Slow              ||     1
